MLB
MIAMI MARLINS @ OAKLAND ATHLETICS
06/29/2020
 
TOP OF THE 1ST
Miami Marlins batting - Pitching for Oakland Athletics : RHP Jerad Eickhoff
Pitching: RHP Jerad Eickhoff
Batting: RHB Victor Robles 0-0: Ball
1-0: Bunt for hit to 5S - play at first, batter safe!
Batting: LHB Kyle Tucker 0-0: Ball
1-0: Called Strike
1-1: Swinging Strike
1-2: Ball
2-2: Grounds into double play, U6-3 (Groundball, 4M, EV 85.6 MPH)
Batting: RHB Javier Baez 0-0: Called Strike
0-1: Swinging Strike
0-2: Ball
1-2: Foul Ball, location: 2F
1-2: Foul Ball, location: 2F
1-2: Ball
2-2: Ball
3-2: SOLO HOME RUN (Flyball, 7LD, EV 109.4 MPH), Distance : 353 ft
Batting: LHB Michael Conforto 0-0: SINGLE (Groundball, 4D, EV 97.5 MPH)
Batting: LHB Brandon Belt 0-0: Ball
1-0: Foul Ball, location: 2F
1-1: Ball
2-1: Foul Ball, location: 2F
2-2: Strikes out swinging
Top of the 1st over - 1 run, 3 hits, 0 errors, 1 left on base; Miami 1 - Oakland 0
BOTTOM OF THE 1ST
Oakland Athletics batting - Pitching for Miami Marlins : RHP Daniel Gossett
Pitching: RHP Daniel Gossett
Batting: LHB Brock Holt 0-0: Ball
1-0: Called Strike
1-1: Swinging Strike
1-2: Ball
2-2: Fly out, F7 (Flyball, 78XD, EV 105.0 MPH)
Batting: LHB Scooter Gennett 0-0: Foul Ball, location: 2F
0-1: Fly out, F4 (Flyball, 34D, EV 94.4 MPH)
Batting: LHB Joey Votto 0-0: Ball
1-0: Ball
2-0: Called Strike
2-1: Called Strike
2-2: Ball
3-2: Foul Ball, location: 2F
3-2: Foul Ball, location: 2F
3-2: Foul Ball, location: 2F
3-2: Base on Balls
Batting: RHB Luke Voit 0-0: Called Strike
0-1: Ball
1-1: Foul Ball, location: 2F
1-2: Ball
2-2: Fly out, F6 (Flyball, 6D, EV 80.0 MPH)
Bottom of the 1st over - 0 runs, 0 hits, 0 errors, 1 left on base; Miami 1 - Oakland 0
TOP OF THE 2ND
Miami Marlins batting - Pitching for Oakland Athletics : RHP Jerad Eickhoff
Batting: RHB Adam Duvall 0-0: Swinging Strike
0-1: Ground out 6-3 (Groundball, 6S, EV 81.3 MPH)
Batting: RHB Raudy Read 0-0: Ball
1-0: Called Strike
1-1: Foul Ball, location: 2F
1-2: Ball
2-2: Reached on error, E5 (Groundball, 56, EV 85.0 MPH)
Batting: SHB Arismendy Alcantara 0-0: Called Strike
0-1: Fly out, F8 (Flyball, 89S, EV 90.6 MPH)
Batting: SHB Irving Falu 0-0: Ball
1-0: Ball
2-0: Ball
3-0: Base on Balls
Raudy Read to second
Batting: RHB Victor Robles 0-0: Ball
1-0: Ball
2-0: DOUBLE (Line Drive, 9LM, EV 100.0 MPH)
Raudy Read scores
Irving Falu to third
Runner from 3rd tries for Home, SAFE, throw by RF to trailing runner, SAFE at third!
Batting: LHB Kyle Tucker 0-0: Ball
1-0: Ball
2-0: Called Strike
2-1: Ball
3-1: Base on Balls
Batting: RHB Javier Baez 0-0: Ball
1-0: DOUBLE (Line Drive, 78M, EV 105.6 MPH)
Victor Robles scores
Kyle Tucker to third
Runner from 3rd tries for Home, SAFE, no throw by CF
Batting: LHB Michael Conforto 0-0: Fly out, F8 (Flyball, 8RD, EV 83.1 MPH)
Top of the 2nd over - 4 runs, 2 hits, 1 error, 1 left on base; Miami 5 - Oakland 0
BOTTOM OF THE 2ND
Oakland Athletics batting - Pitching for Miami Marlins : RHP Daniel Gossett
Batting: LHB Mike Tauchman 0-0: Called Strike
0-1: Ball
1-1: Ground out U3 (Groundball, 34S, EV 85.0 MPH)
Batting: RHB Kurt Suzuki 0-0: Called Strike
0-1: Called Strike
0-2: Fly out, F8 (Flyball, 8LXD, EV 104.4 MPH)
Batting: SHB Freddy Galvis 0-0: Swinging Strike
0-1: Ball
1-1: Ball
2-1: Foul Ball, location: 2F
2-2: Foul Ball, location: 2F
2-2: Fly out, F7 (Flyball, 78D, EV 105.0 MPH)
Bottom of the 2nd over - 0 runs, 0 hits, 0 errors, 0 left on base; Miami 5 - Oakland 0
TOP OF THE 3RD
Miami Marlins batting - Pitching for Oakland Athletics : RHP Jerad Eickhoff
Batting: LHB Brandon Belt 0-0: Ball
1-0: Foul Ball, location: 2F
1-1: Foul Ball, location: 2F
1-2: Foul Ball, location: 2F
1-2: Ball
2-2: Reached on error, E2 (Groundball, 15S, EV 66.3 MPH)
Batting: RHB Adam Duvall 0-0: Called Strike
0-1: Ball
1-1: Foul Ball, location: 2F
1-2: 2-RUN HOME RUN (Flyball, 8LXD, EV 94.4 MPH), Distance : 420 ft
Pitching: RHP Michael Feliz
Batting: RHB Raudy Read 0-0: Ball
1-0: Ground out 6-3 (Groundball, 6M, EV 102.5 MPH)
Batting: SHB Arismendy Alcantara 0-0: Ball
1-0: Ball
2-0: Foul Ball, location: 2F
2-1: Ball
3-1: Called Strike
3-2: Foul Ball, location: 2F
3-2: Foul Ball, location: 2F
3-2: Ground out 4-3 (Groundball, 4, EV 85.6 MPH)
Batting: SHB Irving Falu 0-0: Fly out, F7 (Line Drive, 7, EV 86.3 MPH)
Top of the 3rd over - 2 runs, 1 hit, 1 error, 0 left on base; Miami 7 - Oakland 0
BOTTOM OF THE 3RD
Oakland Athletics batting - Pitching for Miami Marlins : RHP Daniel Gossett
Batting: RHB Yandy Diaz 0-0: Ball
1-0: Called Strike
1-1: Called Strike
1-2: Strikes out swinging
Batting: LHB Alex Dickerson 0-0: Called Strike
0-1: Ground out 3-1 (Groundball, 13, EV 88.8 MPH)
Batting: LHB Brock Holt 0-0: Called Strike
0-1: Ball
1-1: Called Strike
1-2: Strikes out looking
Bottom of the 3rd over - 0 runs, 0 hits, 0 errors, 0 left on base; Miami 7 - Oakland 0
TOP OF THE 4TH
Miami Marlins batting - Pitching for Oakland Athletics : RHP Michael Feliz
Batting: RHB Victor Robles 0-0: Ball
1-0: Fly out, F9 (Flyball, 89S, EV 86.3 MPH)
Batting: LHB Kyle Tucker 0-0: Called Strike
0-1: Ball
1-1: Foul Ball, location: 2F
1-2: Strikes out swinging
Batting: RHB Javier Baez 0-0: Swinging Strike
0-1: Ball
1-1: Ball
2-1: Foul Ball, location: 2F
2-2: Foul Ball, location: 2F
2-2: Ball
3-2: Foul Ball, location: 2F
3-2: Strikes out looking
Top of the 4th over - 0 runs, 0 hits, 0 errors, 0 left on base; Miami 7 - Oakland 0
BOTTOM OF THE 4TH
Oakland Athletics batting - Pitching for Miami Marlins : RHP Daniel Gossett
Batting: LHB Scooter Gennett 0-0: Ball
1-0: Ground out U3 (Groundball, 3L, EV 83.1 MPH)
Batting: LHB Joey Votto 0-0: Ball
1-0: Ball
2-0: Foul Ball, location: 2F
2-1: Ball
3-1: Foul Ball, location: 2F
3-2: SOLO HOME RUN (Flyball, 9D, EV 108.1 MPH), Distance : 384 ft
Batting: RHB Luke Voit 0-0: Foul Ball, location: 2F
0-1: Swinging Strike
0-2: Ball
1-2: Strikes out swinging
Batting: LHB Mike Tauchman 0-0: Fly out, F8 (Flyball, 8RD, EV 91.9 MPH)
Bottom of the 4th over - 1 run, 1 hit, 0 errors, 0 left on base; Miami 7 - Oakland 1
TOP OF THE 5TH
Miami Marlins batting - Pitching for Oakland Athletics : RHP Michael Feliz
Batting: LHB Michael Conforto 0-0: Swinging Strike
0-1: Fly out, F8 (Flyball, 8RM, EV 86.9 MPH)
Batting: LHB Brandon Belt 0-0: Ball
1-0: Ball
2-0: Ball
3-0: Base on Balls
Batting: RHB Adam Duvall 0-0: Grounds into double play, 6-4-3 (Groundball, 6, EV 76.9 MPH)
Top of the 5th over - 0 runs, 0 hits, 0 errors, 0 left on base; Miami 7 - Oakland 1
BOTTOM OF THE 5TH
Oakland Athletics batting - Pitching for Miami Marlins : RHP Daniel Gossett
Batting: RHB Kurt Suzuki 0-0: Ball
1-0: Ball
2-0: Fly out, F8 (Line Drive, 8LD, EV 86.9 MPH)
Batting: SHB Freddy Galvis 0-0: Ball
1-0: Foul Ball, location: 2F
1-1: Foul Ball, location: 2F
1-2: Ball
2-2: Ground out U3 (Groundball, 3, EV 80.0 MPH)
Batting: RHB Yandy Diaz 0-0: Called Strike
0-1: Foul Ball, location: 2F
0-2: Ball
1-2: Foul Ball, location: 2F
1-2: Foul Ball, location: 2F
1-2: Ball
2-2: Foul Ball, location: 2F
2-2: Ball
3-2: DOUBLE (Line Drive, 9LM, EV 108.1 MPH)
Batting: LHB Alex Dickerson 0-0: Ball
1-0: Foul Ball, location: 2F
1-1: Ball
2-1: Foul Ball, location: 2F
2-2: Ball
3-2: Base on Balls
Batting: LHB Brock Holt 0-0: Foul Ball, location: 2F
0-1: Foul Ball, location: 2F
0-2: Foul Ball, location: 2F
0-2: Foul Ball, location: 2F
0-2: Ball
1-2: Foul Ball, location: 2F
1-2: SINGLE (Groundball, 4MD, EV 95.6 MPH)
Yandy Diaz to third
Alex Dickerson to second
Batting: LHB Scooter Gennett 0-0: Called Strike
0-1: Ball
1-1: Fielders Choice at 2nd, U6 (Groundball, 6M, EV 106.3 MPH)
Bottom of the 5th over - 0 runs, 2 hits, 0 errors, 3 left on base; Miami 7 - Oakland 1
TOP OF THE 6TH
Miami Marlins batting - Pitching for Oakland Athletics : RHP Michael Feliz
Batting: RHB Raudy Read 0-0: SINGLE (Flyball, 78S, EV 84.4 MPH)
Batting: SHB Arismendy Alcantara 0-0: Ball
1-0: Called Strike
1-1: Foul Ball, location: 2F
1-2: 2-RUN HOME RUN (Flyball, 9LD, EV 97.5 MPH), Distance : 402 ft
Batting: SHB Irving Falu 0-0: Called Strike
0-1: Ball
1-1: Ball
2-1: Fly out, F8 (Flyball, 8RM, EV 85.0 MPH)
Pitching: RHP Devin Williams
Batting: RHB Victor Robles 0-0: Called Strike
0-1: Swinging Strike
0-2: Strikes out swinging
Batting: LHB Kyle Tucker 0-0: Foul Ball, location: 2F
0-1: Ball
1-1: Swinging Strike
1-2: Strikes out looking
Top of the 6th over - 2 runs, 2 hits, 0 errors, 0 left on base; Miami 9 - Oakland 1
BOTTOM OF THE 6TH
Oakland Athletics batting - Pitching for Miami Marlins : RHP Daniel Gossett
Pitching: LHP Caleb Thielbar
Batting: LHB Joey Votto 0-0: Ball
1-0: Ball
2-0: Called Strike
2-1: Fly out, F8 (Flyball, 89S, EV 86.9 MPH)
Batting: RHB Luke Voit 0-0: Foul Ball, location: 2F
0-1: Ball
1-1: Foul Ball, location: 2F
1-2: Foul Ball, location: 2F
1-2: Foul Ball, location: 2F
1-2: Foul Ball, location: 2F
1-2: Strikes out swinging
Batting: LHB Mike Tauchman 0-0: Ball
1-0: Ground out 4-3 (Groundball, 4M, EV 81.9 MPH)
Bottom of the 6th over - 0 runs, 0 hits, 0 errors, 0 left on base; Miami 9 - Oakland 1
TOP OF THE 7TH
Miami Marlins batting - Pitching for Oakland Athletics : RHP Devin Williams
Batting: RHB Javier Baez 0-0: Foul Ball, location: 2F
0-1: Called Strike
0-2: Ball
1-2: Strikes out swinging
Batting: LHB Michael Conforto 0-0: Called Strike
0-1: Swinging Strike
0-2: Foul Ball, location: 2F
0-2: Ball
1-2: Ball
2-2: Strikes out swinging
Batting: LHB Brandon Belt 0-0: Swinging Strike
0-1: Ball
1-1: Ball
2-1: Ball
3-1: Base on Balls
Batting: RHB Adam Duvall 0-0: Ball
1-0: Ball
2-0: Called Strike
2-1: Foul Ball, location: 2F
2-2: Strikes out looking
Top of the 7th over - 0 runs, 0 hits, 0 errors, 1 left on base; Miami 9 - Oakland 1
BOTTOM OF THE 7TH
Oakland Athletics batting - Pitching for Miami Marlins : LHP Caleb Thielbar
Batting: RHB Kurt Suzuki 0-0: Ground out 5-3 (Groundball, 5S, EV 63.1 MPH)
Batting: SHB Freddy Galvis 0-0: Ball
1-0: Called Strike
1-1: Foul Ball, location: 2F
1-2: Ball
2-2: Strikes out swinging, 2-3 out at first.
Batting: RHB Yandy Diaz 0-0: Ball
1-0: Foul Ball, location: 2F
1-1: Ball
2-1: Foul Ball, location: 2F
2-2: Foul Ball, location: 2F
2-2: Ball
3-2: Base on Balls
Batting: LHB Alex Dickerson 0-0: Ball
1-0: Called Strike
1-1: Foul Ball, location: 2F
1-2: Foul Ball, location: 2F
1-2: SINGLE (Flyball, 8RS, EV 85.0 MPH)
Yandy Diaz to second
Pitching: RHP David Carpenter
Batting: LHB Brock Holt 0-0: Ball
1-0: Ball
2-0: Swinging Strike
2-1: Ball
3-1: Foul Ball, location: 2F
3-2: Base on Balls
Yandy Diaz to third
Alex Dickerson to second
Batting: LHB Scooter Gennett 0-0: Ball
1-0: SINGLE (Groundball, 4MS, EV 66.3 MPH) (infield hit)
Yandy Diaz scores
Alex Dickerson to third
Brock Holt to second
Batting: LHB Joey Votto 0-0: Ball
1-0: Called Strike
1-1: Swinging Strike
1-2: Ball
2-2: Foul Ball, location: 2F
2-2: Foul Ball, location: 2F
2-2: Foul Ball, location: 2F
2-2: Ball
3-2: Base on Balls
Alex Dickerson scores
Brock Holt to third
Scooter Gennett to second
Batting: RHB Luke Voit 0-0: Foul Ball, location: 2F
0-1: Ball
1-1: Ball
2-1: Fly out, F7 (Flyball, 78M, EV 95.0 MPH)
Bottom of the 7th over - 2 runs, 2 hits, 0 errors, 3 left on base; Miami 9 - Oakland 3
TOP OF THE 8TH
Miami Marlins batting - Pitching for Oakland Athletics : RHP Devin Williams
Batting: RHB Raudy Read 0-0: Foul Ball, location: 2F
0-1: Called Strike
0-2: Foul Ball, location: 2F
0-2: Ball
1-2: Ball
2-2: SINGLE (Line Drive, 7S, EV 103.1 MPH)
Pitching: RHP DeMarcus Evans
Batting: SHB Arismendy Alcantara 0-0: Called Strike
0-1: Foul Ball, location: 2F
0-2: Strikes out looking
Batting: SHB Irving Falu 0-0: Called Strike
0-1: Ball
1-1: Called Strike
1-2: Strikes out looking
Batting: RHB Victor Robles 0-0: Ball
1-0: Swinging Strike
1-1: Ball
2-1: Ball
3-1: Base on Balls
Raudy Read to second
Batting: LHB Kyle Tucker 0-0: Foul Ball, location: 2F
0-1: Swinging Strike
0-2: Strikes out looking
Top of the 8th over - 0 runs, 1 hit, 0 errors, 2 left on base; Miami 9 - Oakland 3
BOTTOM OF THE 8TH
Oakland Athletics batting - Pitching for Miami Marlins : RHP David Carpenter
Pitching: RHP Tyler Bashlor
Batting: LHB Mike Tauchman 0-0: Called Strike
0-1: Ball
1-1: Ball
2-1: Foul Ball, location: 2F
2-2: Ball
3-2: Fly out, F9 (Flyball, 89M, EV 94.4 MPH)
Batting: RHB Kurt Suzuki 0-0: Fly out, F9 (Flyball, 9, EV 96.3 MPH)
Batting: SHB Freddy Galvis 0-0: Ground out 4-3 (Groundball, 4M, EV 106.9 MPH)
Bottom of the 8th over - 0 runs, 0 hits, 0 errors, 0 left on base; Miami 9 - Oakland 3
TOP OF THE 9TH
Miami Marlins batting - Pitching for Oakland Athletics : RHP DeMarcus Evans
Batting: RHB Javier Baez 0-0: Called Strike
0-1: Ball
1-1: Called Strike
1-2: Ball
2-2: Strikes out swinging
Batting: LHB Michael Conforto 0-0: Ball
1-0: Ball
2-0: Ball
3-0: Base on Balls
Batting: LHB Brandon Belt 0-0: Ball
1-0: Ball
2-0: Ball
3-0: Base on Balls
Michael Conforto to second
Pitching: RHP Ty Buttrey
Batting: RHB Adam Duvall 0-0: Foul Ball, location: 2F
0-1: Ball
Wild Pitch!
Michael Conforto to third
Brandon Belt to second
1-1: Swinging Strike
1-2: Foul Ball, location: 2F
1-2: Ground out 4-3 (Groundball, 4S, EV 88.8 MPH)
Michael Conforto scores
Brandon Belt to third
Batting: RHB Raudy Read 0-0: Ball
1-0: Called Strike
1-1: Foul Ball, location: 2F
1-2: Ball
2-2: Ground out 4-3 (Groundball, 4, EV 104.4 MPH)
Top of the 9th over - 1 run, 0 hits, 0 errors, 1 left on base; Miami 10 - Oakland 3
BOTTOM OF THE 9TH
Oakland Athletics batting - Pitching for Miami Marlins : RHP Tyler Bashlor
Batting: RHB Yandy Diaz 0-0: Ball
1-0: Called Strike
1-1: SINGLE (Groundball, 56D, EV 105.6 MPH)
Batting: LHB Alex Dickerson 0-0: Ball
1-0: SINGLE (Line Drive, 9S, EV 108.1 MPH)
Yandy Diaz to second
Batting: LHB Brock Holt 0-0: Ball
1-0: Foul Ball, location: 2F
1-1: Ball
2-1: Foul Ball, location: 2F
2-2: Ball
3-2: Strikes out swinging
Batting: LHB Scooter Gennett 0-0: Grounds into double play, 3-6-3 (Groundball, 34S, EV 91.3 MPH)
Bottom of the 9th over - 0 runs, 2 hits, 0 errors, 1 left on base; Miami 10 - Oakland 3
Sunday, August 30th, 2020 - OOTP Baseball 21.5 Build 76